AoeStats
← Franklin

Yucatan

510849703Analyzed
2v2 RM · 15h ago on Oct 2, 2026· 31m 53s· 4 players
Game mode
Random Map
Map size
Medium (4 player)
Population
200
Speed
Normal
Resources
Standard
Victory
Conquest
Starting age
Dark Age
Ending age
Imperial Age
RankedLock teamsTeams togetherTeam positionsShared explorationLock speedFull tech treeHidden civsTurbo modeCheats
Victory
Defeat
🇦🇷 Goths · Argentina
952
+17
🇦🇷 Inca · Argentina
951
+17
🇺🇸 Teutons · United States
1020
-20
🇺🇸 Bohemians · United States
911
-14
Franklin
11:45 Feudal Age
12:26 Loom
16:59 Castle Age
15:21 Forging
16:13 Scale Mail Armor
16:55 Champi Runner
18:24 Iron Casting
21:29 Chain Mail Armor
22:12 Fletching
22:56 Double-Bit Axe
26:19 Bow Saw
26:46 Sanctity
30:47 Pikeman
30:48 Champi Warrior
Mek666nix
7:12 Loom
14:24 Feudal Age
14:36 Man-at-Arms
23:05 Scale Mail Armor
23:15 Forging
23:06 Padded Archer Armor
22:57 Fletching
26:03 Castle Age
24:48 Horse Collar
25:49 Double-Bit Axe
27:00 Long Swordsman
27:41 Squires
27:17 Elite Skirmisher
27:41 Pikeman
RLF_jcat
1:54 Loom
11:33 Feudal Age
16:14 Castle Age
14:54 Double-Bit Axe
15:12 Stone Mining
23:05 Scale Barding Armor
24:07 Gold Mining
24:57 Wheelbarrow
24:59 Horse Collar
26:08 Bow Saw
28:51 Stone Shaft Mining
29:36 Fletching
31:22 Bodkin Arrow
fearmenot614
0:27 Loom
11:46 Feudal Age
22:51 Castle Age
Connection lost

Rejoining the realm…

Still unreachable

The connection could not be restored.

Session expired

The server has moved on; the page needs a fresh start.